 Dungeon Crawl Stone Soup version 0.26-a0-466-g989023bd0d (webtiles) character file.

Game seed: 6066090292071485080

434 mortelune the Slasher (level 7, 0/56 HPs)
             Began as a Formicid Abyssal Knight on Aug 2, 2020.
             Was a Priest of Lugonu.
             Slain by an iguana (10 damage)
             ... on level 4 of the Dungeon.
             The game lasted 00:08:21 (3911 turns).

mortelune the Slasher (Formicid Abyssal Knight)     Turns: 3911, Time: 00:08:22

Health: 0/56       AC: 10    Str: 15 (16) XL:     7   Next: 20%
Magic:  8/8        EV:  6    Int: 10 (11) God:    Lugonu [***...]
Gold:   120        SH:  0    Dex:  8 (11) Spells: 6/6 levels left

rFire    + . .     SeeInvis +   a - +2 falchion
rCold    . . .     Faith    .   (no shield)
rNeg     . . .     Spirit   .   i - +0 chain mail
rPois    .         Reflect  .   (helmet unavailable)
rElec    .         Harm     .   (no cloak)
rCorr    .                      (no gloves)
MR       .....                  m - +0 pair of boots
Stlth    ..........             (no amulet)
HPRegen  0.18/turn              (no ring)
MPRegen  0.11/turn              (no ring)

@: flying
A: permanent stasis, dig shafts and tunnels, four strong arms, antennae 3,
blurry vision 2, fire resistance 1, weak 1
a: Dig, Shaft Self, Depart the Abyss, Bend Space, Banish, Renounce Religion


You were on level 4 of the Dungeon.
You worshipped Lugonu.
Lugonu was most pleased with you.
You visited 1 branch of the dungeon, and saw 4 of its levels.
You visited the Abyss 1 time.

You collected 120 gold pieces.

Inventory:

Hand Weapons
 a - a +2 falchion (weapon)
Missiles
 j - 2 boomerangs (quivered)
 o - 8 boomerangs of dispersal
Armour
 b - a +0 leather armour
 d - a +0 ring mail
 h - a +0 scale mail
 i - a +0 chain mail (worn)
 m - a +0 pair of boots (worn)
 q - a +0 scale mail
Jewellery
 F - an uncursed ring of protection from fire
Wands
 r - a wand of flame (8)
Scrolls
 e - 2 scrolls of fear
 f - a scroll of random uselessness
 l - a scroll of remove curse
 B - a scroll of blinking
Potions
 c - 2 potions of haste
 p - 2 potions of stabbing


   Skills:
 + Level 5.1 Fighting
 * Level 5.5 Long Blades
 + Level 3.5 Armour
 - Level 0.8 Dodging
 + Level 2.5 Invocations


You had 6 spell levels left.
You didn't know any spells.
Your spell library was empty.

Dungeon Overview and Level Annotations

Branches:
Dungeon (4/15)
 Temple: D:4-7

Altars:
Dithmenos
Fedhas
Kikubaaqudgha
Makhleb
Okawaru
Zin


Innate Abilities, Weirdness & Mutations

You cannot be hasted, slowed, berserked, paralysed or teleported.
You can dig through walls and to a lower floor.
Your four strong arms can wield two-handed weapons with a shield.
You have a pair of large antennae on your head. (SInv)
Scrolls take you longer to read.
Your flesh is heat resistant. (rF+)
You are weak. (Str -2)


Message History

The iguana bites you.
* * * LOW HITPOINT WARNING * * *
It was a potion of degeneration.
There was something very wrong with that liquid.
You feel weakened.
You feel dopey.
You feel clumsy. The iguana closely misses you.
It was a potion of heal wounds.
You feel much better.
The iguana bites you but does no damage.
You closely miss the iguana.
The iguana is heavily wounded.
The iguana bites you but does no damage.
You hit the iguana.
The iguana is severely wounded.
The iguana bites you.
You closely miss the iguana.
The iguana is severely wounded.
The iguana bites you!
* * * LOW HITPOINT WARNING * * *
The iguana bites you!
You die...

....#.........#....#.#
...##$...............#
.....................#
......^.........##.#.#
.............#..# #
.........#...#..##
.............##..#
.....####..§####.....#
#.... #§@.§§# .##.##
..... #§§l.§§.# ## ..
.... #§§§..§§§§# ..
.## ..§§.....§... .
....§..._.§.§..
........§§§§§§.
...#§§§§.§§§§#. ...
#§§§§.§.## .. ## .§§##


You could see an iguana.

Vanquished Creatures
  Blork the orc (D:3)
  2 vampire bats (D:3)
  An orc wizard (D:3)
  Terence (D:3)
  Natasha (thrice) (D:3)
  A worker ant (D:4)
  A hound skeleton (D:4)
  2 adders (D:2)
  A worm (D:2)
  A dart slug (D:1)
  2 leopard geckos (D:3)
  2 orcs (D:3)
  2 ball pythons (D:2)
  7 bats
  3 bat skeletons (D:3)
  2 bat zombies (D:3)
  5 giant cockroaches
  17 goblins
  9 hobgoblins
  4 jackals (D:1)
  2 quokkas (D:2)
  3 frilled lizards
  9 kobolds
  17 rats
98 creatures vanquished.

Notes
Turn   | Place    | Note
-------+----------+-------------------------------------------
     0 | Abyss:1  | mortelune the Formicid Abyssal Knight began the quest for
                  | the Orb.
     0 | Abyss:1  | Reached XP level 1. HP: 18/18 MP: 2/2
   225 | Abyss:1  | Noticed a large abomination
   226 | D:1      | Escaped the Abyss
   267 | D:1      | Reached * piety under Lugonu
   272 | D:1      | Reached XP level 2. HP: 24/24 MP: 3/3
   733 | D:1      | Reached XP level 3. HP: 29/30 MP: 4/4
  1190 | D:1      | Reached ** piety under Lugonu
  1335 | D:2      | Found a burning altar of Makhleb.
  1410 | D:2      | Reached XP level 4. HP: 37/37 MP: 5/5
  1652 | D:2      | Found a glowing silver altar of Zin.
  1925 | D:2      | You fall into a shaft and drop 1 floor!
  1925 | D:3      | Noticed Terence
  1937 | D:3      | Killed Terence
  1937 | D:3      | Reached XP level 5. HP: 24/42 MP: 6/6
  2213 | D:2      | Found a faded altar of an unknown god.
  2429 | D:3      | Noticed Natasha
  2438 | D:3      | Killed Natasha
  2504 | D:3      | Found a blossoming altar of Fedhas.
  3008 | D:3      | Noticed Natasha
  3017 | D:3      | Killed Natasha
  3017 | D:3      | Reached XP level 6. HP: 34/49 MP: 7/7
  3282 | D:3      | Reached *** piety under Lugonu
  3301 | D:3      | Found an ancient bone altar of Kikubaaqudgha.
  3303 | D:3      | Reached skill level 5 in Long Blades
  3438 | D:3      | Found an iron altar of Okawaru.
  3555 | D:3      | Noticed Natasha
  3572 | D:3      | Killed Natasha
  3572 | D:3      | Reached skill level 5 in Fighting
  3842 | D:4      | Noticed Blork the orc
  3869 | D:3      | Killed Blork the orc
  3869 | D:3      | Reached XP level 7. HP: 33/56 MP: 8/8
  3890 | D:4      | Found a shadowy altar of Dithmenos.
  3906 | D:4      | Gained mutation: You are weak. (Str -2) [potion of
                  | mutation]
  3906 | D:4      | Gained mutation: Scrolls take you a little longer to read.
                  | [potion of mutation]
  3906 | D:4      | Gained mutation: Scrolls take you longer to read. [potion
                  | of mutation]
  3906 | D:4      | Gained mutation: Your flesh is heat resistant. (rF+)
                  | [potion of mutation]
  3911 | D:4      | Slain by an iguana

Illustrated notes

Levels and vault maps discovered:
D:1:      grunt_arrival_lava_bath, layout_basic, minmay_rat_gold_closets
D:2:      layout_loops_ring, old_standard_altar, marbit_many_paths,
          chequers_ecumenical_altar_island
D:3:      layout_loops_cross, kennysheep_okawaru_gauntlet,
          kennysheep_vampire_church, fedhas_ov_isle_minmay, uniq_natasha,
          uniq_terence
D:4:      layout_cave_pools, nicolae_dithmenos_the_darkroom,
          gup_sewer_entry_spiral, uniq_grinder, uniq_blork_the_orc

Skill      XL: |  1  2  3  4  5  6 |
---------------+-------------------+-----
Long Blades    | 3 4 5 |  5.5
Fighting       | 4 5 |  5.1
Armour         | 3 |  3.5
Dodging        | |  0.8
Invocations    | |  2.5

Action                   |  1- 3 |  4- 6 |  7- 9 || total
-------------------------+-------+-------+-------++-------
Melee: Falchion          |   114 |   205 |    19 ||   338
Throw: Boomerang         |     1 |     4 |       ||     5
Invok: Depart the Abyss  |     1 |       |       ||     1
 Abil: Dig               |       |     1 |       ||     1
  Use: Scroll            |       |     8 |       ||     8
       Potion            |       |       |     4 ||     4
Armor: Leather armour    |    13 |       |       ||    13
       Ring mail         |    22 |    21 |       ||    43
       Scale mail        |       |    92 |       ||    92
       Chain mail        |       |    10 |     8 ||    18
Dodge: Dodged            |    65 |   111 |     8 ||   184
       Rpst.: Falchion   |    19 |    35 |     3 ||    57

Table legend: (Time is in decaauts)
 A = Elapsed time spent in this place.
 B = Non-inter-level travel time spent in this place.
 C = Inter-level travel time spent in this place.
 D = Time resting spent in this place.
 E = Time spent auto-exploring this place.
 F = Levels seen in this place.
 G = Mean time per level.
                   A        B        C        D        E       F      G
               +--------+--------+--------+--------+--------+-----+--------+
         Total |   3951 |   3893 |     58 |    772 |   2156 |   5 |  790.2 |
       Dungeon |   3725 |   3667 |     58 |    772 |   1934 |   4 |  931.2 |
         Abyss |    226 |    226 |      0 |      0 |    222 |   1 |  226.0 |
               +--------+--------+--------+--------+--------+-----+--------+

Top non-repeatable levels by time:
     D:3: 1362 daAuts
     D:2: 1199 daAuts
     D:1: 1076 daAuts
 Abyss:1: 226 daAuts
     D:4: 86 daAuts
